 Dungeon Crawl Stone Soup version 0.31.0-11-ge490571c62 (webtiles) character file.

Game seed: 1965831149212409834

24 qw the Shooter (level 2, -1/16 HPs)
             Began as a Deep Elf Hunter on Feb 3, 2024.
             Succumbed to their own poison gas
             ... on level 1 of the Dungeon.
             The game lasted 00:00:02 (653 turns).

qw the Shooter (Deep Elf Hunter)                     Turns: 653, Time: 00:00:03

Health: -1/16      AC:  4    Str: 14    XL:     2   Next: 79%
Magic:  4/4        EV: 12    Int: 13    God:
Gold:   65         SH:  0    Dex: 18    Spells: 1/1 levels left

rFire   . . .        a - +0 shortbow
rCold   . . .        (shield currently unavailable)
rNeg    . . .        c - +0 leather armour
rPois   .            (no helmet)
rElec   .            (no cloak)
rCorr   .            j - +0 pair of gloves
SInv    .            (no boots)
Will    .....        (no amulet)
Stlth   ++           g - +6 ring of strength
HPRegen 0.22/turn    (no ring)
MPRegen 0.09/turn

%: no passive effects
@: lethally poisoned (-1 -> -15)
A: no striking features
a: no special abilities


You were on level 1 of the Dungeon.
You visited 1 branch of the dungeon, and saw 1 of its levels.

You collected 65 gold pieces.


   Skills:
 - Level 1.5 Fighting
 + Level 6.5 Ranged Weapons
 - Level 2.4 Dodging
 - Level 1.2 Stealth


You had one spell level left.
You didn't know any spells.
Your spell library was empty.

Inventory:

Hand Weapons
 a - a +0 shortbow (weapon)
Armour
 c - a +0 leather armour (worn)
 j - a +0 pair of gloves (worn)
Jewellery
 g - a +6 ring of strength (left hand)
Potions
 i - a potion of heal wounds

Dungeon Overview and Level Annotations

Branches:
Dungeon (1/15)

Altars:


Message History

646 ||| READING scroll of identify.
646 ||| IDENTIFYING red potion
As you read the scroll of identify, it crumbles to dust.
i - a potion of heal wounds Done exploring.
647 ||| READING scroll labelled KALUVE EDARICH.
As you read the scroll labelled KALUVE EDARICH, it crumbles to dust.
You feel momentarily disoriented.
It was a scroll of revelation.
Done exploring.
648 ||| DROPPING scroll of butterflies.
You drop a scroll of butterflies.
Done exploring.
What level of the Dungeon? (default 1, ? - help) Sorry, I don't know how to get there.
Enter note:
Enter note:
Enter note:
Enter note:
Enter note:
Enter note:
Enter note:
Enter note:
Enter note:
Enter note:
Enter note:
Enter note:
Enter note:
Enter note:
Enter note: You are engulfed in poison gas.
You are poisoned.
You feel very sick.
650 ||| Stepping ~*~*~tactically~*~*~ (cloud).
You feel very sick.
You see here a scroll of butterflies.
651 ||| DRINKING potion of curing.
You feel better.
651 ||| (to cure poison)
You are engulfed in poison gas.
You are lethally poisoned!
Ouch! That really hurt!
You feel very sick.
653 ||| Stepping ~*~*~tactically~*~*~ (cloud).
You die...

###############
###############
##################
#############....#
#############....#######
#############.>.........
######¤P¤#.........###.#
#####¤P@0¤¤¤00¤#.#.....#
####¤P0P0P¤¤000..#......
###0¤¤7P¤70PP0¤####.###.
###0¤P777770P¤0.........
###P¤77777~~P0¤.##..####
###0PP77777~P00.##.....#
###0~~P~P~~~###.######.#
####PPP~~~~~###.........
#.....P~## #.#####.##


There were no monsters in sight!

Vanquished Creatures
  A ball python (D:1)
  3 bats (D:1)
  2 endoplasms (D:1)
  3 hobgoblins (D:1)
  3 jackals (D:1)
  2 quokkas (D:1)
  A frilled lizard (D:1)
  3 kobolds (D:1)
  3 rats (D:1)
21 creatures vanquished.

Notes
Turn   | Place    | Note
-------+----------+-------------------------------------------
     0 | D:1      | qw the Deep Elf Hunter began the quest for the Orb.
     0 | D:1      | Reached XP level 1. HP: 12/12 MP: 3/3
     0 | D:1      | 0 ||| qw: Version: 0.3-a-158-g18b3111
     0 | D:1      | 0 ||| qw: Game counter: 4229
     0 | D:1      | 0 ||| qw: Melee chars always use a shield: true
     0 | D:1      | 0 ||| qw: God list: Okawaru
     0 | D:1      | 0 ||| qw: Allow faded altars: false
     0 | D:1      | 0 ||| qw: Do Orc after clearing Dungeon:15 true
     0 | D:1      | 0 ||| qw: Do second Lair branch before Depths: true
     0 | D:1      | 0 ||| qw: Lair rune preference: random
     0 | D:1      | 0 ||| qw: Goals: Normal
     0 | D:1      | 0 ||| PLANNING D:1-11
   128 | D:1      | Reached XP level 2. HP: 16/16 MP: 4/4
   141 | D:1      | Reached skill level 6 in Ranged Weapons
   638 | D:1      | 638 ||| UPGRADING to +0 pair of gloves.
   643 | D:1      | 643 ||| UPGRADING to +6 ring of strength.
   644 | D:1      | 644 ||| READING scroll labelled TUISOULA KYCK.
   645 | D:1      | 645 ||| READING 2 scrolls labelled XEULOR SEAN.
   645 | D:1      | 645 ||| IDENTIFYING metallic purple potion
   646 | D:1      | 646 ||| READING scroll of identify.
   646 | D:1      | 646 ||| IDENTIFYING red potion
   647 | D:1      | 647 ||| READING scroll labelled KALUVE EDARICH.
   648 | D:1      | 648 ||| DROPPING scroll of butterflies.
   650 | D:1      | 650 ||| Stepping ~*~*~tactically~*~*~ (cloud).
   651 | D:1      | 651 ||| DRINKING potion of curing.
   651 | D:1      | 651 ||| (to cure poison)
   652 | D:1      | HP: 2/16 [poisoned by you (poison gas)]
   653 | D:1      | 653 ||| Stepping ~*~*~tactically~*~*~ (cloud).
   653 | D:1      | Succumbed to their own poison gas

Levels and vault maps discovered:
D:1:      mrwooster_arrival_statue_3, layout_basic, serial_bayou,
          serial_bayou_shore_b, serial_bayou_pond_c, serial_bayou_shore_a,
          serial_bayou_pond_b

Skill      XL: |  1  2 |
---------------+-------+-----
Ranged Weapons | 6 |  6.5
Fighting       | |  1.5
Dodging        | |  2.4
Stealth        | |  1.2

Action                     || total
---------------------------++-------
   Fire: Shortbow          ||    65
    Use: Scroll            ||     4
         Potion            ||     1
 Armour: Leather armour    ||    13
  Dodge: Dodged            ||    24

Table legend:
 A = Non-vault XP
 B = Vault XP
 C = Vault XP percentage of total XP
 D = Non-vault monster count
 E = Vault monster count
 F = Vault count percentage of total count
                 A         B        C        D         E       F
            +---------+---------+-------+---------+---------+-------
      Total |      30 |       5 |  14.3 |      17 |       4 |  19.0
            +---------+---------+-------+---------+---------+-------
        D:1 |      30 |       5 |  14.3 |      17 |       4 |  19.0
            +---------+---------+-------+---------+---------+-------
